 Dungeon Crawl Stone Soup version 0.29-a0-997-gf6f7e2dfe7 (webtiles) character file.

Game seed: 3541547904808247504

11 Newt the Poker (level 2, -1/22 HPs)
             Began as a Demonspawn Gladiator on Aug 4, 2022.
             Killed from afar by a dart slug (4 damage)
             ... with a slug dart
             ... on level 1 of the Dungeon.
             The game lasted 00:00:38 (387 turns).

Newt the Poker (Demonspawn Gladiator)                Turns: 387, Time: 00:00:39

Health: -1/22      AC:  6    Str: 14    XL:     2   Next: 13%
Magic:  2/2        EV: 12    Int:  9    God:
Gold:   21         SH:  0    Dex: 14    Spells: 1/1 levels left

rFire   . . .      SeeInvis .   a - +0 trident
rCold   . . .      Faith    .   (no shield)
rNeg    . . .      Spirit   .   b - +0 leather armour
rPois   .          Reflect  .   c - +0 helmet
rElec   .          Harm     .   (no cloak)
rCorr   .          Rampage  .   (no gloves)
Will    .....                   (no boots)
Stlth   +.........              (no amulet)
HPRegen 0.07/turn               (no ring)
MPRegen 0.08/turn               (no ring)

@: no status effects
A: molten scales 1
a: no special abilities


You were on level 1 of the Dungeon.
You visited 1 branch of the dungeon, and saw 1 of its levels.

You collected 21 gold pieces.

Inventory:

Hand Weapons
 a - a +0 trident (weapon)
Missiles
 d - a throwing net (quivered)
 e - a javelin
Armour
 b - a +0 leather armour (worn)
 c - a +0 helmet (worn)


   Skills:
 + Level 2.1 Fighting
 + Level 3.0 Polearms
 + Level 1.8 Throwing
 + Level 0.1 Armour
 + Level 2.9 Dodging


You had one spell level left.
You didn't know any spells.
Your spell library was empty.

Dungeon Overview and Level Annotations

Branches:
Dungeon (1/15)

Altars:


Innate Abilities, Weirdness & Mutations

You are partially covered in molten scales. (AC +2)


Message History

Press: ? - help, Q - select action, (/) - cycle Shift-Dir - straight line, f - dart slug
Aim: a dart slug (93% to hit)
You throw a throwing net.
The throwing net barely misses the dart slug.
The dart slug misses you.
Throw: 2 throwing nets
Press: ? - help, Q - select action, (/) - cycle Shift-Dir - straight line, f/p - dart slug
Aim: a dart slug (93% to hit)
You throw a throwing net. The throwing net hits the dart slug.
The dart slug is caught in the net!
Unknown command.
The dart slug struggles against the net.
Reach: a) +0 trident
Press: ? - help, Dir - move target, f/p - dart slug
Aim: a dart slug (entangled in a net, about 2% to evade your +0 trident)
You reach to attack!
You hit the dart slug.
The dart slug is lightly wounded.
The dart slug struggles against the net.
Reach: a) +0 trident
Press: ? - help, Dir - move target, f/p - dart slug
Aim: a dart slug (lightly wounded, entangled in a net, about 2% to evade your +0 trident)
You reach to attack!
You hit the dart slug but do no damage.
The dart slug is lightly wounded.
The dart slug struggles against the net.
Unknown command.
Reach: a) +0 trident
Press: ? - help, Dir - move target, f/p - dart slug
Aim: a dart slug (lightly wounded, entangled in a net, about 2% to evade your +0 trident)
You reach to attack!
You hit the dart slug.
The dart slug is moderately wounded.
Reach: a) +0 trident
Press: ? - help, Dir - move target, f/p - dart slug
Aim: a dart slug (moderately wounded, entangled in a net, about 2% to evade your +0 trident)
You reach to attack!
You strike the helpless dart slug from behind!
You hit the dart slug.
The dart slug is almost dead.
The dart slug launches a dart at you. The slug dart hits you.
You die...

##. ..# #............# ...
...##########........# #.#
............#........# #.#
......[.....#........# #.#
.................#####
####+##.# .[..........)#.#.#
........####+##...####.#.#.#
......#......##...####.#.#.#
..... #(.....w.@....##.#..
.... #.....#######.##.###
... #........##......## ..
#......#.##.......... .
#........##..........
#.............###....
#.......†.....# ....
#.....#......## ...
#................ ..


You could see a dart slug (caught).

Vanquished Creatures
  A ball python (D:1)
  A hobgoblin (D:1)
  4 jackals (D:1)
  A frilled lizard (D:1)
  A kobold (D:1)
  2 rats (D:1)
10 creatures vanquished.

Notes
Turn   | Place    | Note
-------+----------+-------------------------------------------
     0 | D:1      | Newt the Demonspawn Gladiator began the quest for the Orb.
     0 | D:1      | Reached XP level 1. HP: 16/16 MP: 1/1
   365 | D:1      | Reached skill level 3 in Polearms
   378 | D:1      | Gained mutation: You are partially covered in molten
                  | scales. (AC +2) [demonic ancestry]
   378 | D:1      | Reached XP level 2. HP: 4/22 MP: 2/2
   387 | D:1      | Killed from afar by a dart slug

Illustrated notes

Levels and vault maps discovered:
D:1:      lemuel_arrival_tunnels, layout_basic,
          shapermc_ecumenical_altar_flowoftime, hex_medium,
          minmay_split_cup_small

Skill      XL: |  1 |
---------------+----+-----
Polearms       | 3 |  3.0
Fighting       | |  2.1
Throwing       | |  1.8
Armour         | |  0.1
Dodging        | |  2.9

Action                   || total
-------------------------++-------
Melee: Trident           ||    39
Throw: Throwing net      ||     2
 Stab: Held in net/web   ||     1
Armor: Leather armour    ||    15
Dodge: Dodged            ||    28

Table legend: (Time is in decaauts)
 A = Elapsed time spent in this place.
 B = Non-inter-level travel time spent in this place.
 C = Inter-level travel time spent in this place.
 D = Time resting spent in this place.
 E = Time spent auto-exploring this place.
 F = Levels seen in this place.
 G = Mean time per level.
                   A        B        C        D        E       F      G
               +--------+--------+--------+--------+--------+-----+--------+
         Total |    392 |    392 |      0 |      0 |    321 |   1 |  392.0 |
       Dungeon |    392 |    392 |      0 |      0 |    321 |   1 |  392.0 |
               +--------+--------+--------+--------+--------+-----+--------+

Top non-repeatable levels by time:
     D:1: 392 daAuts
